 Dungeon Crawl Stone Soup version 0.20-a0-1039-gf554463 (webtiles) character file.

3728 feelmyfire the Changer (level 9, -3/74 HPs)
             Began as a Demigod Transmuter on Apr 22, 2017.
             Hit by a tomahawk thrown by an orc warrior (13 damage)
             ... on level 8 of the Dungeon.
             The game lasted 00:25:45 (10777 turns).

feelmyfire the Changer (Demigod Transmuter)        Turns: 10777, Time: 00:25:46

Health: -3/74      AC:  2    Str: 21    XL:     9   Next: 61%
Magic:  23/23      EV: 21    Int: 17    God:
Gold:   437        SH:  0    Dex: 21    Spells: 16/22 levels left

rFire    . . .     SeeInvis .     - Unarmed
rCold    . . .     Gourm    .   (shield currently unavailable)
rNeg     . . .     Faith    .   (armour currently unavailable)
rPois    x         Spirit   .   (helmet currently unavailable)
rElec    .         Reflect  .   (cloak currently unavailable)
rCorr    .         Harm     .   (gloves currently unavailable)
MR       .....                  (boots currently unavailable)
Stlth    ++........             (no amulet)
Regen    0.3/turn               v - +2 ring of evasion
MPRegen  0.2/turn               D - +2 ring of strength

@: spider-form
A: high mp 1
a: End Transformation


You were on level 8 of the Dungeon.
You were not hungry.
You were a venomous arachnid creature.
You visited 1 branch of the dungeon, and saw 8 of its levels.

You collected 437 gold pieces.

Inventory:

Hand Weapons
 j - a +3 dagger of electrocution (melded)
 L - a +2 dagger of venom
Missiles
 a - 87 arrows
Armour
 b - a +0 robe
 f - a +0 helmet
 s - a +0 pair of boots (melded)
 t - a +0 cloak (melded)
 y - a +2 hat (melded)
 C - a scarf of cold resistance
 E - a cursed +0 ring mail (melded)
Jewellery
 v - a +2 ring of evasion (left front leg)
 D - a +2 ring of strength (right front leg)
 H - an uncursed ring of flight
Wands
 F - a wand of flame (17/48)
 G - a wand of paralysis (18/24)
Scrolls
 e - a scroll of teleportation
 o - a scroll of identify
 p - a scroll of remove curse
 J - a scroll of fog
 K - a scroll of amnesia
Potions
 g - 3 potions of invisibility
 h - a potion of haste
 i - a potion of heal wounds
 l - 4 potions of flight
 m - a potion of lignification
 q - 2 potions of curing
 r - 2 potions of might
 w - 2 potions of magic
 x - a potion of ambrosia
 z - a potion of cancellation {unknown}
 A - 2 potions of brilliance
 B - a potion of mutation
 I - a potion of agility {unknown}
Books
 c - a book of Changes

   Spells                             Type                      Level
   a - Beastly Appendage              Transmutation                1
   b - Sticks to Snakes               Transmutation                2
   c - Spider Form                    Transmutation/Poison         3
   d - Ice Form                       Ice/Transmutation            4
   e - Blade Hands                    Transmutation                5
Comestibles
 d - 6 bread rations
 k - 6 meat rations
 n - 8 royal jellies


   Skills:
 + Level 5.3 Fighting
 - Level 1.7 Dodging
 + Level 6.0 Unarmed Combat
 * Level 7.1 Spellcasting
 * Level 7.8 Transmutations


You had 16 spell levels left.
You knew the following spells:

 Your Spells              Type           Power        Failure   Level  Hunger
a - Beastly Appendage     Tmut           ####..       3%          1    None
b - Sticks to Snakes      Tmut           ####....     4%          2    None
c - Spider Form           Tmut/Pois      ###.......   19%         3    ##.....


Dungeon Overview and Level Annotations

Branches:
Dungeon (8/15)             Temple (0/1) D:7            Lair (0/6) D:8

Annotations:
D:8 exclusion: ice statue


Innate Abilities, Weirdness & Mutations

You have an increased reservoir of magic. (+10% MP)


Message History

The orc warrior is moderately wounded.
You barely miss the orc warrior.
The orc warrior is moderately wounded.
The orc warrior completely misses you.
You hit the orc warrior.
The orc warrior looks as sick as possible!
The orc warrior is heavily wounded.
The orc warrior completely misses you.
You hit the orc warrior but do no damage.
The orc warrior looks as sick as possible!
The orc warrior is heavily wounded.
The orc warrior hits you with a halberd!!
The orc warrior throws a tomahawk.
The tomahawk barely misses you.
The orc warrior throws a tomahawk.
The tomahawk hits you!
* * * LOW HITPOINT WARNING * * *
You see here a tomahawk.
The orc warrior throws a tomahawk.
The tomahawk completely misses you.
The orc warrior throws a tomahawk.
The tomahawk closely misses you.
The orc warrior throws a tomahawk.
The tomahawk hits you!
You die...

#.............# #........
#.............# #........
#............># ##'###...
#.............# #....#...
#....#'##.....# #....#...
#....#..#.....# ##...#...
#....'..#.....# ##...#...
#....#..#.....# #....#...
#....#..#.(s(.# #....#..#
#....#..+.....#######.......
#....#..#.....#....#####....
#....####...(.#.....'...'.#.
#....# #[....#.....#...#.#≈
#....# #.....#..########.#.
#....# #...).##'##### ....
#....# #...o.#......# ....
#....# #.....'......# ....#


You could see an orc warrior.

Vanquished Creatures
  A hippogriff (D:7)
  2 hogs
  2 yaks
  A human (D:7)
  A water moccasin (D:6)
  3 ice beasts
  2 sky beasts
  A black bear (D:7)
  3 ogres
  3 centaurs
  A crocodile (D:7)
  A big kobold (D:7)
  4 bullfrogs
  3 scorpions
  5 howler monkeys
  2 bullfrog zombies (D:8)
  A hound (D:4)
  A bullfrog skeleton (D:7)
  3 orc priests
  Crazy Yiuf (D:2)
  Terence (D:2)
  6 worker ants
  Natasha (twice) (D:2)
  An iguana (D:8)
  5 orc wizards
  A worker ant zombie (D:8)
  4 gnolls (D:5)
  11 adders
  5 shadow imps
  An ooze (D:3)
  An adder zombie (D:6)
  3 worms
  2 dart slugs (D:2)
  4 leopard geckos
  31 orcs
  2 ball pythons
  3 bats
  5 giant cockroaches
  10 hobgoblins
  11 jackals
  16 kobolds
  6 quokkas
  10 frilled lizards
  14 goblins
  7 rats
203 creatures vanquished.

Vanquished Creatures (others)
  A jackal (D:3)
1 creature vanquished.

Grand Total: 204 creatures vanquished

Notes
Turn   | Place    | Note
-------+----------+-------------------------------------------
     0 | D:1      | feelmyfire the Demigod Transmuter began the quest for the Orb.
     0 | D:1      | Reached XP level 1. HP: 15/15 MP: 5/5
    76 | D:1      | Reached skill level 1 in Fighting
   486 | D:1      | Reached XP level 2. HP: 23/23 MP: 7/7
  1047 | D:1      | You fall through a shaft!
  1047 | D:2      | Noticed Natasha
  1057 | D:2      | Killed Natasha
  1057 | D:2      | Reached XP level 3. HP: 28/28 MP: 7/9
  1222 | D:2      | Learned a level 2 spell: Sticks to Snakes
  1226 | D:2      | Learned a level 3 spell: Spider Form
  1611 | D:2      | Found a bloodstained altar of Trog.
  1654 | D:2      | Found a glowing golden altar of the Shining One.
  1701 | D:2      | Found a hide-covered altar of Uskayaw.
  1701 | D:2      | Noticed Terence
  1713 | D:2      | Killed Terence
  1713 | D:2      | Reached XP level 4. HP: 18/36 MP: 2/10
  1877 | D:2      | Noticed a hand axe
  1877 | D:2      | Noticed a dagger
  2010 | D:2      | Noticed Natasha
  2018 | D:2      | Killed Natasha
  2399 | D:2      | Found a runed door.
  2403 | D:2      | Noticed Crazy Yiuf
  2413 | D:2      | Killed Crazy Yiuf
  2413 | D:2      | Reached XP level 5. HP: 41/41 MP: 5/12
  2926 | D:3      | Reached XP level 6. HP: 41/49 MP: 12/14
  3986 | D:4      | Found a shattered altar of Ashenzari.
  4326 | D:4      | Reached XP level 7. HP: 34/56 MP: 16/16
  4906 | D:4      | Reached skill level 5 in Transmutations
  5289 | D:5      | Entered Level 5 of the Dungeon
  5374 | D:5      | Found an opulent altar of Gozag.
  6091 | D:6      | Reached skill level 5 in Spellcasting
  6354 | D:6      | Found a blossoming altar of Fedhas.
  6355 | D:6      | Found a bloodstained altar of Trog.
  6490 | D:6      | Reached XP level 8. HP: 29/63 MP: 19/19
  7117 | D:7      | Found a staircase to the Ecumenical Temple.
  7130 | D:7      | Noticed a hippogriff
  7688 | D:7      | Killed a hippogriff
  7688 | D:7      | Reached skill level 5 in Unarmed Combat
  7806 | D:6      | Reached XP level 9. HP: 37/72 MP: 19/22
  9196 | D:7      | Reached skill level 5 in Fighting
  9216 | D:7      | Found a hazy altar of Hepliaklqana.
  9386 | D:7      | Found a white marble altar of Elyvilon.
  9391 | D:7      | Found a radiant altar of Vehumet.
  9394 | D:7      | Found a basalt altar of Yredelemnul.
  9501 | D:8      | Noticed a two-headed ogre
  9871 | D:8      | Noticed an ice statue
 10523 | D:8      | Found a staircase to the Lair.
 10777 | D:8      | Hit by a tomahawk thrown by an orc warrior

Vault maps used:
D:1:      dpeg_arrival_brainrot, grunt_decor_clamped
D:2:      nicolae_overflow_hidden_temple, dancing_weapons_uskayaw,
          lemuel_round_altar, first_bread, guppyfry_early_orc_mine,
          uniq_terence, uniq_crazy_yiuf_cottage, uniq_natasha
D:3:      cheibrodos_pilgrimage, kennysheep_generic_room_7
D:4:      nicolae_ashenzari_panopticon
D:5:      grunt_gozag_statues
D:6:      fedhas_altar_2, serial_bayou_pond_a, minmay_stone_trees_small,
          bloody_trog
D:7:      black_bear_nest_2, lemuel_doored_altar, minitemple, temple_statues,
          hex_medium, grunt_livestock, minmay_misc_feat_cross
D:8:      minmay_separated_statues, dpeg_oklobed_lair

Skill      XL: |  1  2  3  4  5  6  7  8  9 |
---------------+----------------------------+-----
Fighting       | 1 2 3 4 5 |  5.3
Transmutations | 2 3 4 5 6 7 |  7.8
Spellcasting   | 2 3 4 5 6 7 |  7.1
Unarmed Combat | 3 4 5 6 |  6.0
Dodging        | |  1.7

Action                   |  1- 3 |  4- 6 |  7- 9 || total
-------------------------+-------+-------+-------++-------
Melee: Unarmed           |    33 |    55 |   108 ||   196
       Kick              |    10 |    10 |    10 ||    30
       Dagger            |    83 |   156 |   311 ||   550
       Punch             |     1 |     2 |     4 ||     7
       Headbutt          |       |       |    18 ||    18
 Cast: Beastly Appendage |     7 |     9 |    17 ||    33
       Sticks to Snakes  |     3 |     1 |       ||     4
       Spider Form       |       |     6 |    20 ||    26
Evoke: Wand              |       |       |     1 ||     1
  Use: Scroll            |       |     5 |    13 ||    18
       Potion            |       |     1 |     3 ||     4
 Stab: Sleeping          |     2 |     2 |     1 ||     5
  Eat: Chunk             |     3 |     9 |    19 ||    31
       Royal jelly       |       |       |     1 ||     1
       Fruit             |       |       |     1 ||     1
Armor: Robe              |    21 |    22 |    65 ||   108
       Skin              |       |     1 |    25 ||    26
       Ring mail         |       |       |    16 ||    16
Dodge: Dodged            |    65 |   139 |   316 ||   520
